 Dungeon Crawl Stone Soup version 0.32-a0-33-g74fbe469d6 (webtiles) character file.

Game seed: 7616607003625692053

103 Zeia the Grave Robber (level 4, -2/33 HPs)
             Began as a Demonspawn Necromancer on Jan 20, 2024.
             Was an Initiate of Ashenzari.
             Slain by Sigmund
             ... wielding a +0 scythe
              (6 damage)
             ... on level 4 of the Dungeon.
             The game lasted 00:12:58 (3554 turns).

Zeia the Grave Robber (Demonspawn Necromancer)      Turns: 3554, Time: 00:12:59

Health: -2/33      AC:  3    Str:  8    XL:     4   Next: 51%
Magic:  7/7        EV: 12    Int: 20    God:    Ashenzari [......]
Gold:   106        SH:  0    Dex: 14    Spells: 6/7 levels left

rFire   . . .        w - +12 mace of the Eternal Warrior {freeze, rPois rCorr Int+3}
rCold   . . .        (no shield)
rNeg    . . .        a - +0 robe
rPois   +            (no helmet)
rElec   .            (no cloak)
rCorr   +            (no gloves)
SInv    .            s - +0 pair of boots
Will    +....        (no amulet)
Stlth   ++           x - ring of willpower
HPRegen 0.25/turn    (no ring)
MPRegen 0.10/turn

%: no passive effects
@: no status effects
A: ignite blood 1
a: Renounce Religion


You were on level 4 of the Dungeon.
You worshipped Ashenzari.
Ashenzari was noncommittal.
You visited 2 branches of the dungeon, and saw 5 of its levels.

You collected 106 gold pieces.

Inventory:

Hand Weapons
 g - a +0 short sword
 r - a +0 flail of draining
 w - the +12 mace of the Eternal Warrior (weapon) {freeze, rPois rCorr Int+3}
   (You found it on level 4 of the Dungeon)

   Int+3:     It affects your intelligence (+3).
   rPois:     It protects you from poison rCorr: It protects you from acid and
   corrosion.
Armour
 a - a +0 robe (worn)
 s - a +0 pair of boots (worn)
 v - a scarf of shadows
Magical Staves
 n - the staff "Didwuq" {rElec rF+ Str-2 Int+3 Air}
   (You found it on level 2 of the Dungeon)

   [staff of air]

   Base accuracy: +5 Base damage: 5 Base attack delay: 1.2 This weapon's minimum
   attack delay (0.6) is reached at skill level 12.
   Str-2:     It affects your strength (-2).
   Int+3:     It affects your intelligence (+3).
   rF+:       It protects you from fire.
   rElec:     It insulates you from electricity.
   Air:       It increases the power of your Air spells.
   It falls into the 'Staves' category.
   It is a one-handed weapon.
Jewellery
 m - an amulet of guardian spirit
 x - a ring of willpower (left hand)
Wands
 k - a wand of quicksilver (4)
Scrolls
 c - a scroll of acquirement {unknown}
 d - 4 scrolls of teleportation {unknown}
 f - 2 scrolls of enchant weapon {unknown}
 j - a scroll of enchant armour {unknown}
 l - a scroll of immolation {unknown}
 p - a scroll of poison {unknown}
 t - a scroll of silence {unknown}
Potions
 b - 2 potions of magic
 e - a potion of brilliance {unknown}
 h - 3 potions of curing {unknown}
 i - 2 potions of might {unknown}
 o - 2 potions of heal wounds {unknown}
 q - a potion of degeneration {unknown}
 u - 2 potions of ambrosia {unknown}
 z - 2 potions of haste {unknown}


   Skills:
 + Level 2.2 Fighting
 + Level 1.0 Maces & Flails
 - Level 1.7 Dodging
 - Level 1.7 Stealth
 - Level 2.0 Spellcasting
 - Level 5.7 Necromancy


You had 6 spell levels left.
You knew the following spells:

 Your Spells              Type           Power      Damage    Failure   Level
a - Necrotise             Necr           100%       1d9       1%          1

Your spell library contained the following spells:

 Spells                   Type           Power      Damage    Failure   Level
 Vampiric Draining        Necr           25%        2d7       4%          3
 Animate Dead             Necr           25%        N/A       14%         4
 Lesser Beckoning         Tloc           4%         N/A       24%         2
 Curse of Agony           Necr           25%        N/A       38%         5
 Gell's Gravitas          Tloc           2%         N/A       43%         3
 Teleport Other           Tloc           2%         N/A       43%         3


Dungeon Overview and Level Annotations

Branches:
Dungeon (4/15)             Temple (1/1) D:4

Altars:
Ashenzari
Fedhas
Gozag
Hepliaklqana
Kikubaaqudgha
Nemelex Xobeh
Okawaru
Ru
Sif Muna
Trog
Uskayaw
Vehumet
Wu Jian
Xom

Annotations:
D:2 exclusion: adder
D:4 Sigmund


Innate Abilities, Weirdness & Mutations

Your demonic aura sometimes causes spilled blood to erupt in flames.


Message History

You climb downwards.
Welcome to the Ecumenical Temple!
Found six altars.
Found a staircase back to the Dungeon.
There is a staircase back to the Dungeon here.
Found two altars.
Found an opulent altar of Gozag.
There is a bloodstained altar of Trog here.
There is an ancient bone altar of Kikubaaqudgha here.
You kneel at the altar of Kikubaaqudgha.
Found three altars.
There is a broken altar of Ashenzari here.
You kneel at the altar of Ashenzari.
Ashenzari welcomes you!
Ashenzari warns you of distant threats and treasures.
Ashenzari shows you where magical portals lie.
Unknown command.
Press < or > to pray at altars.
There is a staircase back to the Dungeon here.
You climb upwards.
Welcome back to the Dungeon!
Level annotation: Sigmund
There is a staircase to the Ecumenical Temple here.
You now have 100 gold pieces (gained 10).
You now have 106 gold pieces (gained 6).
z - 2 puce potions
There is an open door here.
Sigmund is nearby!
There is a stone staircase leading up here.
Aiming: Necrotise (safe; 1% risk of failure)
Press: ? - help, Q - select action, (/) - cycle Shift-Dir - straight line, f - you
Okay, then.
Sigmund mumbles some strange words.
Sigmund flickers and vanishes!
Deactivating autopickup; reactivate with Ctrl-A.
Something hits you! Something barely misses you.
You closely miss something. You hit something but do no damage.
Something hits you!
You sock something! You freeze something. Something hits you.
You thump something! You freeze something. Something hits you!
* * * LOW HITPOINT WARNING * * *
Something hits you.
You die...

.... ...###. ....
@......########## ....
#...........# #
#...........# #####
#...........# .....
#...........# ####
######.###### ####
##.#######<....##### .....
........@..[......># ...##
##.#########'#####.# ...+
#.............# #.# ...#
#.............# #.#
....######.............###.#
##............)....#####...#
..##...##......##### #.###
##..#..##.......# ###.#
..#..#..........# #...#


There were no monsters in sight!

Vanquished Creatures
  3 adders
  A ribbon worm (D:3)
  3 dart slugs
  6 orcs
  4 endoplasms
  7 giant cockroaches
  5 goblins
  4 hobgoblins
  A jackal (D:1)
  2 quokkas
  4 ball pythons
  5 bats
  2 frilled lizards
  3 kobolds
  6 rats
56 creatures vanquished.

Vanquished Creatures (collateral kills)
  A kobold (D:1)
1 creature vanquished.

Grand Total: 57 creatures vanquished

Notes
Turn   | Place    | Note
-------+----------+-------------------------------------------
     0 | D:1      | Zeia the Demonspawn Necromancer began the quest for the
                  | Orb.
     0 | D:1      | Reached XP level 1. HP: 13/13 MP: 3/3
   187 | D:1      | Upgraded the game from 0.32-a0-30-gefbe487952 to
                  | 0.32-a0-33-g74fbe469d6
   192 | D:1      | Gained mutation: Your demonic aura sometimes causes spilled
                  | blood to erupt in flames. [demonic ancestry]
   192 | D:1      | Reached XP level 2. HP: 19/19 MP: 1/5
   201 | D:1      | Reached skill level 5 in Necromancy
  1162 | D:2      | Reached XP level 3. HP: 24/24 MP: 2/6
  1233 | D:2      | Identified the staff "Didwuq" {rElec rF+ Str-2 Int+3 Air}
  2151 | D:3      | Found a faded altar of an unknown god.
  2292 | D:3      | Found an ornate altar of the Wu Jian Council.
  2749 | D:3      | Reached skill level 1 in Fighting
  3043 | D:3      | Reached XP level 4. HP: 33/33 MP: 4/7
  3236 | D:4      | Identified the +12 mace of the Eternal Warrior {freeze,
                  | rPois rCorr Int+3}
  3249 | D:4      | Noticed Sigmund
  3443 | D:4      | Reached skill level 1 in Maces & Flails
  3458 | D:4      | Found a staircase to the Ecumenical Temple.
  3470 | Temple   | Entered the Ecumenical Temple
  3492 | Temple   | Became a worshipper of Ashenzari the Shackled
  3554 | D:4      | Slain by Sigmund

Illustrated notes

Levels and vault maps discovered:
D:1:      saegor_arrival_under_anarchy, layout_rooms, minmay_indecisive_spiral
D:2:      layout_loops_ring
D:3:      layout_loops_cross, nicolae_wu_jian_wuxing_cycle,
          hellmonk_ecumenical_altar_inner_sanctum, minivault_24
D:4:      layout_basic, dk_yredelemnul_ordeal, minmay_temple_entry_steel_oval,
          uniq_sigmund
Temple:   nicolae_temple_ecumenical_triangle

Skill      XL: |  1  2  3  4 |
---------------+-------------+-----
Necromancy     | 5 |  5.7
Fighting       | 1 2 |  2.2
Maces & Flails | 1 |  1.0
Dodging        | |  1.7
Stealth        | |  1.7
Spellcasting   | |  2.0

Action                     |  1- 3 |  4- 6 || total
---------------------------+-------+-------++-------
  Melee: Short sword       |    12 |       ||    12
         Unarmed           |     1 |       ||     1
         Mace              |       |    12 ||    12
   Cast: Necrotise         |    80 |    18 ||    98
   Stab: Sleeping          |     1 |       ||     1
 Armour: Robe              |    20 |     7 ||    27
  Dodge: Dodged            |    28 |     8 ||    36

Table legend: (Time is in decaauts)
 A = Elapsed time spent in this place.
 B = Non-inter-level travel time spent in this place.
 C = Inter-level travel time spent in this place.
 D = Time resting spent in this place.
 E = Time spent auto-exploring this place.
 F = Levels seen in this place.
 G = Mean time per level.
                   A        B        C        D        E       F      G
               +--------+--------+--------+--------+--------+-----+--------+
         Total |   3558 |   3375 |    183 |    197 |   2554 |   5 |  711.6 |
       Dungeon |   3530 |   3352 |    178 |    197 |   2554 |   4 |  882.5 |
        Temple |     27 |     22 |      5 |      0 |      0 |   1 |   27.0 |
               +--------+--------+--------+--------+--------+-----+--------+

Top non-repeatable levels by time:
     D:2: 1284 daAuts
     D:3: 1004 daAuts
     D:1: 903 daAuts
     D:4: 338 daAuts
  Temple: 27 daAuts
